 Dungeon Crawl Stone Soup version 0.28.0 (webtiles) character file.

Game seed: 16397733175470581091

37701 funkygono the Thaumaturge (level 13, -3/68 HPs)
             Began as a Gargoyle Fire Elementalist on Feb 7, 2022.
             Was an Elder of Vehumet.
             Slain by a death yak (11 damage)
             ... on level 5 of the Lair of Beasts on Feb 8, 2022.
             The game lasted 00:47:14 (22289 turns).

funkygono the Thaumaturge (GrFE)                   Turns: 22289, Time: 00:47:15

Health: -3/68      AC: 26    Str: 12    XL:     13   Next: 98%
Magic:  12/29      EV: 12    Int: 21    God:    Vehumet [****..]
Gold:   1125       SH:  0    Dex: 10    Spells: 13/37 levels left

rFire   . . .      SeeInvis .   i - +4 whip (vamp)
rCold   . . .      Faith    .   (no shield)
rNeg    + . .      Spirit   .   v - +2 acid dragon scales
rPois   ∞          Reflect  .   (no helmet)
rElec   +          Harm     .   I - +1 cloak
rCorr   +          Rampage  .   q - +1 pair of gloves
Will    .....                   y - +1 pair of boots
Stlth   +.........              (no amulet)
HPRegen 0.21/turn               k - ring of flight
MPRegen 0.21/turn               n - +4 ring of slaying

@: flying, hasted, very quick
A: sickness immunity, AC +9, negative energy resistance 1, electricity
resistance, torment resistance 1, petrification resistance
a: Renounce Religion


You were on level 5 of the Lair of Beasts.
You worshipped Vehumet.
Vehumet was greatly pleased with you.
You visited 3 branches of the dungeon, and saw 18 of its levels.
You also visited: Sewer.

You collected 1125 gold pieces.

Inventory:

Hand Weapons
 i - a +4 vampiric whip (weapon)
 o - a +2 whip of flaming
 x - the +8 quarterstaff "Heples" {vorpal, Str+4 Dex+2}
   (You found it on level 3 of the Lair of Beasts)

   It inflicts extra damage upon your enemies.
   Str:       It affects your strength (+4).
   Dex:       It affects your dexterity (+2).
Missiles
 L - a throwing net (quivered)
Armour
 h - an orb of mayhem
 m - the +2 leather armour "Qogyrasm" {SInv}
   (You found it on level 2 of the Dungeon)

   SInv:      It lets you see invisible.
 q - a +1 pair of gloves (worn)
 v - +2 acid dragon scales (worn)
 y - a +1 pair of boots (worn)
 H - a +0 cloak of willpower
 I - a +1 cloak (worn)
Magical Staves
 C - a staff of earth
 E - a staff of fire
Jewellery
 a - a +6 ring of dexterity
 k - a ring of flight (left hand)
 n - a +4 ring of slaying (right hand)
 z - a ring of protection from fire
Wands
 A - a wand of iceblast (35)
 K - a wand of flame (13)
 M - a wand of paralysis (4)
Scrolls
 c - 2 scrolls of amnesia
 d - a scroll of holy word
 f - a scroll of fog
 j - 2 scrolls of blinking
 t - 2 scrolls of summoning
 u - 5 scrolls of fear
 G - 2 scrolls of teleportation
Potions
 b - 7 potions of curing
 e - a potion of mutation
 g - 3 potions of cancellation
 l - 2 potions of magic
 p - a potion of resistance
 r - 3 potions of haste
 s - 3 potions of might
 B - a potion of ambrosia {unknown}
 D - 4 potions of lignification
 F - a potion of brilliance {unknown}
Miscellaneous
 w - a condenser vane


   Skills:
 + Level 2.7 Fighting
 + Level 4.1 Maces & Flails
 + Level 7.5 Armour
 + Level 4.1 Dodging
 - Level 2.1 Stealth
 + Level 12.9 Spellcasting
 + Level 11.1 Conjurations
 + Level 11.4 Fire Magic
 + Level 9.4 Earth Magic


You had 13 spell levels left.
You knew the following spells:

 Your Spells              Type           Power      Damage    Failure   Level
a - Foxfire               Conj/Fire      100%       2x1d9     1%          1
b - Scorch                Fire           100%       2d10      1%          2
c - Conjure Flame         Conj/Fire      57%        6-21      1%          3
d - Flame Wave            Conj/Fire      57%        2d11      1%          4
e - Magic Dart            Conj           100%       1d8       1%          1
f - Stone Arrow           Conj/Erth      100%       3d13      1%          3
g - Iron Shot             Conj/Erth      27%        9d6       4%          6
h - Sticky Flame          Conj/Fire      57%        2d7       1%          4

Your spell library contained the following spells:

 Spells                   Type           Power      Damage    Failure   Level
 Hailstorm                Conj/Ice       37%        3d9       1%          4
 Sandblast                Erth           100%       2d20      1%          1
 Passwall                 Tmut/Erth      27%        N/A       1%          2
 Static Discharge         Conj/Air       37%        N/A       1%          2
 Inner Flame              Hex/Fire       37%        N/A       1%          3
 Lightning Bolt           Conj/Air       18%        1d33      5%          5
 Animate Skeleton         Necr           26%        N/A       7%          1
 Apportation              Tloc           26%        N/A       7%          1
 Summon Small Mammal      Summ           52%        N/A       7%          1
 Animate Armour           Summ/Erth      66%        N/A       10%         4
 Airstrike                Air            6%         N/A       17%         4
 Confusing Touch          Hex            13%        N/A       21%         3
 Gell's Gravitas          Tloc           13%        N/A       21%         3
 Lesser Beckoning         Tloc           13%        N/A       21%         3
 Teleport Other           Tloc           13%        N/A       21%         3
 Yara's Violent Unravell  Hex/Tmut       6%         3d5       41%         5
 Dispel Undead            Necr           13%        3d9       56%         4
 Summon Lightning Spire   Summ/Air       13%        N/A       56%         4
 Blade Hands              Tmut           6%         N/A       88%         5
 Enfeeble                 Hex            6%         N/A       100%        7


Dungeon Overview and Level Annotations

Branches:
Dungeon (12/15)            Temple (1/1) D:4            Lair (5/6) D:8
  Swamp (0/4) Lair:3       Spider (0/4) Lair:3          Orc (0/2) D:12
  Sewer (visited)
  Slime: Lair:5-6

Altars:
Ashenzari
Cheibriados
Dithmenos
Elyvilon
Fedhas
Gozag
Hepliaklqana
Kikubaaqudgha
Makhleb
Nemelex Xobeh
Okawaru
Qazlal
Ru
Sif Muna
Trog
Uskayaw
Vehumet
Wu Jian
Xom
Yredelemnul
Zin
The Shining One

Shops:
D:4 !   D:10 [(

Annotations:
D:4 1 runed translucent door, Nattefrost's ghost, novice HOGl


Innate Abilities, Weirdness & Mutations

You are immune to sickness and miasma.
Your stone body is resilient. (AC +9)
You are immune to poison.
You resist negative energy. (rN+)
You are resistant to electric shocks. (rElec)
You are resistant to unholy torment.
You are immune to petrification.


Message History

Vehumet accepts your kill.
You feel your power returning.
The flame wave engulfs the death yak!
The death yak is heavily wounded.
The flame wave engulfs the death yak!
The death yak is moderately wounded.
The flame wave engulfs the plant!
The plant is moderately damaged.
A nearby plant withers and dies.
The death yak gores you!!
The death yak gores you but does no damage. x2
Unknown command.
A wave of flame ripples out!
The flame wave engulfs the death yak.
The death yak is moderately wounded.
The flame wave engulfs the death yak.
The death yak is heavily wounded.
The flame wave engulfs the death yak.
The death yak is moderately wounded.
The flame wave engulfs the death yak.
The death yak is severely wounded.
The flame wave engulfs the death yak.
The death yak is moderately wounded.
The death yak gores you. The death yak gores you!
* * * LOW HITPOINT WARNING * * *
The death yak gores you!
* * * LOW HITPOINT WARNING * * *
The death yak gores you.
* * * LOW HITPOINT WARNING * * *
You feel much better. The death yak barely misses you.
The death yak closely misses you.
The death yak gores you but does no damage.
The death yak gores you. The death yak closely misses you.
The death yak gores you!!
* * * LOW HITPOINT WARNING * * *
You feel yourself speed up. The death yak closely misses you.
You hit the bush.
The bush is lightly damaged.
You hit the bush but do no damage.
The bush is lightly damaged.
The death yak gores you!
You die...

###.....###### #...(#
##...#..+..P..# #...#####
#.#...........## #P†.###.#
##....#.#......###........
####......#......##.#.......
+...'.#.............+P......
#####.#...P..)#..#..PP.....#
##..#...PP...#..#........
#.......@.>#....###P.####
#.....#YY....+.## ####
#....Y..Y.....##
##.#.#Y.....### #..........#
####..........#
##.##............
#................#
#..................##


You could see 5 death yaks.

Vanquished Creatures
  Gastronok (D:9)
  3 hydras
  A catoblepas (Lair:3)
  A death yak (Lair:5)
  4 two-headed ogres
  An orb spider (Lair:3)
  Pikel (D:6)
  3 cyclopes (D:12)
  A will-o-the-wisp (Lair:3)
  12 elephants
  7 cane toads
  Maggie (D:8)
  A gargoyle (D:12)
  2 unseen horrors
  Psyche (D:8)
  4 komodo dragons
  4 trolls
  A hornet (D:9)
  A polar bear (Lair:2)
  4 blink frogs (Lair:1)
  7 dream sheep (Lair:5)
  58 yaks
  3 wyverns
  Eustachio (D:4)
  A basilisk (Lair:1)
  A steam dragon (D:8)
  Grum (D:8)
  3 acid dragons
  11 water moccasins
  Duvessa (D:5)
  5 orc warriors
  5 black bears
  3 sky beasts (D:6)
  An ice beast (D:7)
  A necrophage (D:5)
  An ogre (D:7)
  16 wolves
  A centaur (D:8)
  A lemure (D:7)
  A phantom (D:7)
  Blork the orc (D:5)
  11 bullfrogs
  A kobold brigand (D:9)
  A gnoll sergeant (D:8)
  5 scorpions
  Dowan (D:5)
  10 wights
  16 killer bees
  4 electric eels (Lair:3)
  3 bullfrog zombies (D:5)
  2 hounds
  A bullfrog skeleton (D:6)
  2 centaur zombies
  2 gnoll shamans
  An orc priest (D:7)
  6 jellies
  An iguana (D:3)
  6 orc wizards
  A killer bee zombie (D:7)
  A hound skeleton (D:5)
  A howler monkey zombie (D:7)
  3 gnolls (D:5)
  3 adders
  A shadow imp (D:7)
  A white imp (D:7)
  3 ufetubi
  2 adder skeletons (D:4)
  A worm (Sewer)
  2 dart slugs
  23 orcs
  7 endoplasms
  3 giant cockroaches
  8 hobgoblins
  6 jackals (D:1)
  9 quokkas
  18 ball pythons
  6 bats
  3 frilled lizards
  14 goblins
  10 kobolds
  16 rats
  A bush (Lair:3)
  2 butterflies (Lair:2)
395 creatures vanquished.

Vanquished Creatures (collateral kills)
  8 foxfires
8 creatures vanquished.

Vanquished Creatures (others)
  1136 foxfires
  49 fungi
  112 plants
  5 toadstools (D:6)
1302 creatures vanquished.

Grand Total: 1705 creatures vanquished

Notes
Turn   | Place    | Note
-------+----------+-------------------------------------------
     0 | D:1      | funkygono the Gargoyle Fire Elementalist began the quest
                  | for the Orb.
     0 | D:1      | Reached XP level 1. HP: 10/10 MP: 3/3
   367 | D:1      | Reached XP level 2. HP: 15/15 MP: 0/5
   475 | D:1      | Learned a level 2 spell: Scorch
   964 | D:1      | Reached XP level 3. HP: 19/19 MP: 1/6
   968 | D:1      | Learned a level 3 spell: Conjure Flame
  1812 | D:2      | Identified the +2 leather armour "Qogyrasm" {SInv}
  2086 | D:2      | Reached XP level 4. HP: 24/24 MP: 3/7
  2585 | D:3      | Reached XP level 5. HP: 28/28 MP: 7/9
  2863 | D:3      | Reached skill level 3 in Spellcasting
  3053 | D:3      | Identified the +6 hunting sling of Vuwkoani {flame, Int+3
                  | SInv}
  3533 | D:3      | Learned a level 4 spell: Flame Wave
  3566 | D:4      | Reached skill level 5 in Fire Magic
  3655 | D:4      | Reached XP level 6. HP: 23/32 MP: 3/11
  3822 | D:4      | Found Hush's Distillery.
  3828 | D:4      | Reached skill level 4 in Spellcasting
  3835 | D:4      | Found a glowing drain.
  3844 | Sewer    | Entered a sewer
  4252 | Sewer    | Found a viscous altar of Jiyva.
  4419 | D:4      | Noticed Eustachio
  4432 | D:4      | Killed Eustachio
  4433 | D:4      | Reached skill level 1 in Armour
  4433 | D:4      | Reached XP level 7. HP: 24/36 MP: 0/14
  4434 | D:4      | You are sucked into a shaft and drop 1 floor!
  4434 | D:5      | Entered Level 5 of the Dungeon
  4709 | D:4      | Found a runed translucent door.
  4717 | D:4      | Noticed Nattefrost's ghost (novice HOGl)
  4741 | D:4      | HP: 1/36 [wight (13)]
  5187 | D:4      | Found a staircase to the Ecumenical Temple.
  5194 | Temple   | Entered the Ecumenical Temple
  5370 | Temple   | Became a worshipper of Vehumet
  6175 | D:5      | Reached skill level 5 in Spellcasting
  6175 | D:5      | Reached XP level 8. HP: 35/41 MP: 4/15
  6552 | D:5      | Noticed Dowan
  6556 | D:5      | Noticed Duvessa
  6869 | D:5      | Killed Duvessa
  6957 | D:5      | Killed Dowan
  7177 | D:5      | Noticed Blork the orc
  7196 | D:5      | Killed Blork the orc
  7197 | D:5      | Reached skill level 6 in Spellcasting
  7677 | D:6      | Reached XP level 9. HP: 45/45 MP: 18/18
  7770 | D:6      | Reached skill level 1 in Maces & Flails
  8555 | D:7      | Reached skill level 5 in Conjurations
  8673 | D:7      | HP: 1/46 [orc warrior (3)]
  8850 | D:7      | Reached skill level 7 in Spellcasting
  8944 | D:7      | Noticed Pikel
  8969 | D:6      | Killed Pikel
  9365 | D:8      | Reached * piety under Vehumet
  9365 | D:8      | Offered knowledge of Freeze by Vehumet.
  9420 | D:8      | Upgraded the game from 0.28-b1-25-g9875b3fc8c to 0.28.0
  9432 | D:8      | Reached XP level 10. HP: 40/51 MP: 14/21
  9692 | D:8      | Reached skill level 8 in Spellcasting
  9842 | D:8      | Reached skill level 1 in Fighting
 10024 | D:8      | Found a staircase to the Lair.
 10030 | D:8      | Noticed Psyche
 10045 | D:8      | Killed Psyche
 10155 | D:8      | Noticed Maggie
 10163 | D:8      | Killed Maggie
 10372 | D:8      | Reached skill level 5 in Armour
 10663 | D:8      | Reached ** piety under Vehumet
 10665 | D:8      | Noticed Grum
 10707 | D:7      | Reached skill level 9 in Spellcasting
 10832 | D:7      | Offered knowledge of Magic Dart by Vehumet.
 10836 | D:7      | Learned a level 1 spell: Magic Dart
 10923 | D:7      | Reached XP level 11. HP: 7/56 MP: 12/24
 11202 | D:8      | Killed Grum
 11534 | D:8      | Learned a level 6 spell: Iron Shot
 11602 | D:9      | Noticed a two-headed ogre
 11611 | D:9      | Killed a two-headed ogre
 11612 | D:9      | Reached skill level 1 in Earth Magic
 11801 | D:9      | Reached skill level 10 in Fire Magic
 12172 | D:9      | Noticed Gastronok
 12193 | D:9      | Killed Gastronok
 12194 | D:9      | Reached skill level 10 in Spellcasting
 12355 | D:9      | Noticed a two-headed ogre
 12362 | D:9      | Killed a two-headed ogre
 12370 | D:9      | Offered knowledge of Stone Arrow by Vehumet.
 12375 | D:9      | Learned a level 3 spell: Stone Arrow
 12782 | D:10     | Entered Level 10 of the Dungeon
 12885 | D:10     | Found a snail-covered altar of Cheibriados.
 12895 | D:10     | Found Raodwari's Antique Weapon Emporium.
 12956 | D:10     | Found Goatolau's Armour Emporium.
 13202 | D:10     | Noticed a two-headed ogre
 13208 | D:10     | Killed a two-headed ogre
 13742 | D:11     | Noticed a two-headed ogre
 13751 | D:11     | Killed a two-headed ogre
 13868 | D:11     | Learned a level 4 spell: Sticky Flame
 14104 | D:11     | Reached *** piety under Vehumet
 14105 | D:11     | Reached XP level 12. HP: 62/62 MP: 12/26
 14110 | D:11     | Reached skill level 11 in Spellcasting
 14819 | D:12     | Noticed a seven-headed hydra
 14827 | D:12     | Killed a seven-headed hydra
 15165 | D:12     | Offered knowledge of Mephitic Cloud by Vehumet.
 15216 | D:12     | Noticed an eight-headed hydra
 15222 | D:12     | Killed an eight-headed hydra
 15812 | D:12     | Found a staircase to the Orcish Mines.
 16099 | Lair:1   | Entered Level 1 of the Lair of Beasts
 16110 | Lair:1   | Reached skill level 5 in Earth Magic
 16313 | Lair:1   | Reached **** piety under Vehumet
 16724 | Lair:1   | Reached skill level 12 in Spellcasting
 16955 | Lair:1   | Reached skill level 10 in Conjurations
 16955 | Lair:1   | Reached XP level 13. HP: 67/67 MP: 17/29
 17241 | Lair:2   | Offered knowledge of Irradiate by Vehumet.
 18926 | Lair:3   | Identified the +8 quarterstaff "Heples" {vorpal, Str+4
                  | Dex+2}
 19547 | Lair:3   | Reached ***** piety under Vehumet
 19565 | Lair:3   | Offered knowledge of Hailstorm by Vehumet.
 19713 | Lair:3   | Found a staircase to the Swamp.
 20160 | Lair:3   | Found a hole to the Spider Nest.
 22276 | Lair:5   | HP: 2/68 [death yak (6)]
 22289 | Lair:5   | Slain by a death yak

Illustrated notes

Levels and vault maps discovered:
D:1:      beargit_arrival_greenhouse, layout_loops_ring
D:2:      layout_rooms
D:3:      layout_loops_ring
D:4:      layout_loops_cross, minmay_temple_entry_offerings, serial_shops,
          shop_statue, portal_sewer_entry_f, hellmonk_ghost_happy_afterlife,
          uniq_eustachio
D:5:      layout_basic, hangedman_decor_growths, uniq_duvessa,
          uniq_blork_the_orc
D:6:      layout_basic, minmay_gold_behind_fungi
D:7:      minmay_evil_eye, layout_rooms, uniq_pikel
D:8:      layout_basic, due_lair_maze_entry_diamond, enter_bailey_3,
          uniq_maggie, uniq_psyche, uniq_grum
D:9:      layout_loops_cross, uniq_gastronok
D:10:     layout_irregular_city, mainiacjoe_overflow_boulevard,
          serial_column_ruins, column_ruins_hut_ruined, column_ruins_hut,
          column_ruins_open_tiny, column_ruins_open_tiny_water,
          column_ruins_grid_1, column_ruins_open_tiny,
          column_ruins_columns_plus, column_ruins_open_tiny, serial_shops,
          nicolae_shop_stone, nicolae_shop_competitors_out_of_business
D:11:     layout_loops_ring, minivault_16
D:12:     layout_small_grid, orc_0_dummy
Temple:   mainiacjoe_temple_starburst
Lair:1:   layout_chaotic_city
Lair:2:   layout_hall_layers, lemuel_fruit_fields, grunt_megastairs_1,
          lemuel_fruit_fields
Lair:3:   layout_gridlike, minmay_swamp_entry_wisps,
          nicolae_spider_entry_orb_guardian, serial_bayou_lake_a
Lair:4:   layout_cave_pods
Lair:5:   layout_roguey

Skill      XL: |  1  2  3  4  5  6  7  8  9 10 11 12 13 |
---------------+----------------------------------------+-----
Fire Magic     | 4 5 6 7 9 10 11 | 11.4
Conjurations   | 2 3 4 5 6 8 10 11 | 11.1
Spellcasting   | 3 4 5 6 7 9 10 12 | 12.9
Armour         | 1 2 3 5 6 7 |  7.5
Dodging        | 2 3 4 |  4.1
Maces & Flails | 1 2 4 |  4.1
Fighting       | 1 2 |  2.7
Earth Magic    | 3 6 9 |  9.4
Stealth        | |  2.1

Action                   |  1- 3 |  4- 6 |  7- 9 | 10-12 | 13-15 || total
-------------------------+-------+-------+-------+-------+-------++-------
Melee: Whip              |    17 |    25 |    57 |    76 |    79 ||   254
       Unarmed           |     4 |       |       |       |       ||     4
       Punch             |       |       |     2 |     5 |     1 ||     8
 Cast: Foxfire           |    65 |    99 |   168 |   236 |   114 ||   682
       Scorch            |    12 |    20 |    43 |    62 |       ||   137
       Conjure Flame     |       |       |     1 |     2 |       ||     3
       Flame Wave        |       |       |       |    28 |    15 ||    43
       Stone Arrow       |       |       |       |    80 |   109 ||   189
       Sticky Flame      |       |       |       |     1 |     8 ||     9
       Iron Shot         |       |       |       |       |     7 ||     7
  Use: Scroll            |       |    10 |     8 |     7 |     4 ||    29
       Potion            |       |       |     3 |     2 |     2 ||     7
Armor: Robe              |    16 |       |       |       |       ||    16
       Leather armour    |     2 |    32 |    40 |    75 |       ||   149
       Acid dragon scale |       |       |       |    46 |   134 ||   180
Dodge: Dodged            |    36 |    48 |    57 |   140 |   123 ||   404
